 Dungeon Crawl Stone Soup version 0.21-a0-529-g8c7b3f5 (webtiles) character file.

17 Atlas the Vexing (level 2, 0/19 HPs)
             Began as a Vampire Enchanter on Dec 10, 2017.
             Slain by a bat (1 damage)
             ... on level 1 of the Dungeon.
             The game lasted 00:01:18 (748 turns).

Atlas the Vexing (Vampire Enchanter)                 Turns: 748, Time: 00:01:19

Health: 0/19       AC:  3    Str:  7    XL:     2   Next: 44%
Magic:  5/5        EV: 12    Int: 17    God:
Gold:   41         SH:  0    Dex: 14    Spells: 4/5 levels left

rFire    . . .     SeeInvis +   a - +1 dagger
rCold    . . .     Gourm    .   (no shield)
rNeg     + . .     Faith    .   j - +0 leather armour
rPois    .         Spirit   .   (no helmet)
rElec    .         Reflect  .   (no cloak)
rCorr    .         Harm     .   (no gloves)
MR       .....                  (no boots)
Stlth    +++.......             (no amulet)
HPRegen  0.06/turn              (no ring)
MPRegen  0.09/turn              (no ring)

@: no status effects
A: fangs 3, see invisible, unbreathing
a: no special abilities


You were on level 1 of the Dungeon.
You were not thirsty.

You visited 1 branch of the dungeon, and saw 1 of its levels.

You collected 41 gold pieces.

Inventory:

Hand Weapons
 a - a +1 dagger (weapon)
Armour
 j - a +0 leather armour (worn)
Scrolls
 e - 3 scrolls of identify {unknown}
 f - a scroll of teleportation {unknown}
 i - a scroll of remove curse {unknown}
Potions
 b - a potion of agility {unknown}
 d - 3 potions of blood
 g - a potion of might {unknown}
 h - a potion of degeneration {unknown}
Books
 c - a book of Maledictions

   Spells                             Type                      Level
   a - Corona                         Hexes                        1
   b - Ensorcelled Hibernation        Hexes/Ice                    2
   c - Confuse                        Hexes                        3
   d - Tukima's Dance                 Hexes                        3
   e - Dazzling Spray                 Conjuration/Hexes            3


   Skills:
 + Level 0.2 Fighting
 + Level 1.4 Short Blades
 + Level 2.5 Dodging
 + Level 4.6 Stealth
 + Level 2.0 Spellcasting
 + Level 4.9 Hexes


You had 4 spell levels left.
You knew the following spells:

 Your Spells              Type           Power        Failure   Level  Hunger
a - Corona                Hex            ###....      3%          1    #......


Dungeon Overview and Level Annotations

Branches:
Dungeon (1/15)

Altars:


Innate Abilities, Weirdness & Mutations

You have razor-sharp teeth.
You have supernaturally acute eyesight. (SInv)
You can survive without breathing.


Message History

You barely miss the bat. The bat closely misses you.
The bat closely misses you.
You miss the bat. The bat hits you but does no damage.
You barely miss the bat. Your bite misses the bat. The bat hits you.
* * * LOW HITPOINT WARNING * * *
The bat hits you but does no damage.
You barely miss the bat. Your bite misses the bat. The bat hits you.
* * * LOW HITPOINT WARNING * * *
The bat hits you but does no damage.
You barely miss the bat. The bat hits you.
* * * LOW HITPOINT WARNING * * *
The bat barely misses you. The bat barely misses you.
You closely miss the bat. The bat hits you.
* * * LOW HITPOINT WARNING * * *
The bat hits you.
* * * LOW HITPOINT WARNING * * *
The bat hits you but does no damage. The bat hits you.
You die...

#.#####.#####..........##.
#.# ##.#####.######.#.##.
#.# #.........# #.#.##.
#.# #..#####..#####.#.##.
#.# #.(# #.............
#.# #..# .......†...##.
#.# #..# ...#####.#.##.
#.####..####...# #.#.##.
#.)>....b@.....# #.#.##.
#..##.#.####.#.# #.#.###
##.##.#... ..#####.#.#
#.##.##### .#.......#
#.##.# ........### #.##.#
# #..####..#. #.##.#
#.###.###...... ...#.#
#..............
#.....#.#.#.#..


You could see a bat.

Vanquished Creatures
  An ooze (D:1)
  A dart slug (D:1)
  A giant cockroach (D:1)
  2 goblins (D:1)
  A hobgoblin (D:1)
  A kobold (D:1)
  A bat (D:1)
  2 frilled lizards (D:1)
  A rat (D:1)
11 creatures vanquished.

Notes
Turn   | Place    | Note
-------+----------+-------------------------------------------
     0 | D:1      | Atlas the Vampire Enchanter began the quest for the Orb.
     0 | D:1      | Reached XP level 1. HP: 13/13 MP: 3/3
   287 | D:1      | Reached XP level 2. HP: 16/19 MP: 5/5
   748 | D:1      | Slain by a bat

Vault maps used:
D:1:      ncdulo_watergridlock

Action                   || total
-------------------------++-------
Melee: Dagger            ||    54
       Bite              ||     5
Armor: Robe              ||     4
       Leather armour    ||    13
Dodge: Dodged            ||    32

Table legend:
 A = Spawn XP
 B = Non-spawn XP
 C = Spawn XP percentage of total XP
 D = Spawn monster count
 E = Non-spawn monster count
 F = Spawn count percentage of total count
 G = Total turns spent on level
                    A         B        C        D         E        F      G
               +---------+---------+-------+---------+---------+-------+---------
         Total |       0 |      25 |   0.0 |       0 |      11 |   0.0 |   748
               +---------+---------+-------+---------+---------+-------+---------
           D:1 |       0 |      25 |   0.0 |       0 |      11 |   0.0 |   748
               +---------+---------+-------+---------+---------+-------+---------
